 Dungeon Crawl Stone Soup version 0.28.0 (webtiles) character file.

Game seed: 2555858245779290342

4 zeram the Sneak (level 1, -1/11 HPs)
             Began as an Octopode Enchanter on Feb 14, 2022.
             Killed from afar by a dart slug (3 damage)
             ... with a slug dart
             ... on level 1 of the Dungeon.
             The game lasted 00:00:10 (55 turns).

zeram the Sneak (Octopode Enchanter)                  Turns: 55, Time: 00:00:12

Health: -1/11      AC:  1    Str:  7    XL:     1   Next: 70%
Magic:  3/3        EV: 13    Int: 17    God:
Gold:   0          SH:  0    Dex: 12    Spells: 4/4 levels left

rFire   . . .      SeeInvis .   a - +1 dagger
rCold   . . .      Faith    .   (no shield)
rNeg    . . .      Spirit   .   (helmet restricted)
rPois   .          Reflect  .   (no amulet)
rElec   .          Harm     .   (no ring)
rCorr   .          Rampage  .   (no ring)
Will    .....                   (no ring)
Stlth   +++.......              (no ring)
HPRegen 0.03/turn               (no ring)
MPRegen 0.08/turn               (no ring)
                                (no ring)
                                (no ring)

@: no status effects
A: almost no armour, amphibious, 8 rings, camouflage 1, gelatinous body 1,
(nimble swimmer 1), tentacles
a: no special abilities


You were on level 1 of the Dungeon.
You visited 1 branch of the dungeon, and saw 1 of its levels.

Inventory:

Hand Weapons
 a - a +1 dagger (weapon)
Potions
 b - a potion of invisibility


   Skills:
 + Level 1.0 Short Blades
 + Level 2.0 Dodging
 + Level 4.0 Stealth
 + Level 2.1 Spellcasting
 + Level 3.2 Hexes


You had 4 spell levels left.
You didn't know any spells.
Your spell library contained the following spells:

 Spells                   Type           Power      Damage    Failure   Level
 Ensorcelled Hibernation  Hex/Ice        14%        N/A       16%         2
 Confusing Touch          Hex            12%        N/A       16%         3
 Tukima's Dance           Hex            12%        N/A       16%         3
 Dazzling Flash           Conj/Hex       14%        N/A       30%         3


Dungeon Overview and Level Annotations

Branches:
Dungeon (1/15)

Altars:


Innate Abilities, Weirdness & Mutations

You cannot wear most types of armour.
You are amphibious.
You can wear up to eight rings at the same time.
Your skin changes colour to match your surroundings (Stealth+).
Your rubbery body absorbs attacks. (AC +1, EV +1)
((You are camouflaged when in or above water. (Stealth+)))
You have tentacles for arms and can constrict up to eight enemies at once.


Message History

A dart slug is nearby!
A dart slug is nearby!
A goblin comes into view. It is wielding a +0 dagger.
An endoplasm comes into view.
You see here 17 bolts.
A bat and a hobgoblin come into view.
The helpless goblin fails to defend itself.
You puncture the goblin!
You kill the goblin!
You hit the bat but do no damage. Your grab misses the bat.
Your squeeze misses the bat. The bat hits you but does no damage.
Found a scroll labelled RITOLI IM FAICU.
The hobgoblin shouts!
The endoplasm quivers.
You hear a shout!
The bat hits you.
A ball python comes into view.
A rat comes into view.
A kobold comes into view. It is wielding a +0 dagger.
Found 22 stones.
The bat barely misses you. The hobgoblin barely misses you.
The ball python hisses angrily.
You hit the hobgoblin. You grab the hobgoblin. You squeeze the hobgoblin.
You kill the hobgoblin!
The bat completely misses you.
You hit the endoplasm.
The endoplasm is moderately wounded.
The bat hits you but does no damage. The endoplasm freezes you.
You are frozen.
You are too injured to fight recklessly!
You are too injured to fight recklessly!
You are too injured to fight recklessly!
The bat misses you. The bat barely misses you.
You hit the bat.
You kill the bat!
The endoplasm hits you.
* * * LOW HITPOINT WARNING * * *
The dart slug launches a dart at you. The slug dart hits you.
You die...

#........... #§≈#§≈#..#≈≈
#.......... #§§§≈≈#.§#≈≈
#.........# #§≈≈≈≈≈§.≈≈§
..........# ##≈§≈≈≈..≈§§
..........##..##≈≈≈#≈..≈#§
...?..K.......###≈≈≈≈..≈≈§
........r####.# ###≈≈..≈≈#
.....###J.)...#######''###
##. ##.@.####...###....#
#.###w.(### #..)......##
#.........####..).......
......#...##...##..[#..#
.########.......#.####.#
#............# ..
#........#..... ..
#........#...... #
....#####........


You could see a dart slug, an endoplasm, a kobold and a rat.

Vanquished Creatures
  2 goblins (D:1)
  A hobgoblin (D:1)
  A kobold (D:1)
  A bat (D:1)
5 creatures vanquished.

Notes
Turn   | Place    | Note
-------+----------+-------------------------------------------
     0 | D:1      | zeram the Octopode Enchanter began the quest for the Orb.
     0 | D:1      | Reached XP level 1. HP: 11/11 MP: 3/3
    55 | D:1      | Killed from afar by a dart slug

Illustrated notes

Levels and vault maps discovered:
D:1:      lightli_molten_gateway, layout_rooms, ebering_ecumenical_altar_hall,
          serial_shops, shop_fountains

Action                   || total
-------------------------++-------
Melee: Dagger            ||     8
       Constrict         ||     3
       Tentacles         ||     2
 Stab: Sleeping          ||     1
Armor: Skin              ||     2
Dodge: Dodged            ||     6
